 Dungeon Crawl Stone Soup version 0.29-a0-11-ga75d3d97ab (webtiles) character file.

Game seed: 2507511356435020971

60 Pin the Skirmisher (level 4, -6/40 HPs)
             Began as a Hill Orc Fighter on Jan 29, 2022.
             Was a Follower of the Shining One.
             Mangled by a gnoll (10 damage)
             ... on level 2 of the Dungeon.
             The game lasted 00:01:58 (1119 turns).

Pin the Skirmisher (Hill Orc Fighter)               Turns: 1119, Time: 00:01:59

Health: -6/40      AC:  7    Str: 20    XL:     4   Next: 6%
Magic:  4/4        EV:  9    Int:  8    God:    the Shining One [*.....]
Gold:   68         SH:  4    Dex: 10    Spells: 3/3 levels left

rFire   . . .      SeeInvis .   a - +0 war axe
rCold   . . .      Faith    .   c - +0 buckler
rNeg    . . .      Spirit   .   b - +0 scale mail
rPois   .          Reflect  .   (no helmet)
rElec   .          Harm     .   (no cloak)
rCorr   .          Rampage  .   (no gloves)
Will    .....                   (no boots)
Stlth   ..........              (no amulet)
HPRegen 0.13/turn               (no ring)
MPRegen 0.09/turn               (no ring)

@: glowing
A: no striking features
a: Renounce Religion, Divine Shield


You were on level 2 of the Dungeon.
You worshipped the Shining One.
The Shining One was aware of your devotion.
You visited 1 branch of the dungeon, and saw 2 of its levels.

You collected 68 gold pieces.

Inventory:

Hand Weapons
 a - a +0 war axe (weapon)
Armour
 b - a +0 scale mail (worn)
 c - a +0 buckler (worn)
Jewellery
 k - an amulet of faith
Scrolls
 e - a scroll of holy word {unknown}
 f - 2 scrolls of identify {unknown}
 g - a scroll of blinking {unknown}
 j - a scroll of enchant armour {unknown}
Potions
 d - a potion of might
 h - a potion of degeneration {unknown}
 i - 2 potions of heal wounds {unknown}


   Skills:
 + Level 4.1 Fighting
 + Level 3.5 Axes
 + Level 3.8 Armour
 + Level 0.7 Dodging
 + Level 3.7 Shields


You had 3 spell levels left.
You didn't know any spells.
Your spell library contained the following spells:

 Spells                   Type           Power      Damage    Failure   Level
 Blink                    Tloc           0%         N/A       94%         2
 Lesser Beckoning         Tloc           0%         N/A       99%         3
 Manifold Assault         Tloc           0%         N/A       100%        5


Dungeon Overview and Level Annotations

Branches:
Dungeon (2/15)

Altars:
The Shining One

Shops:
D:1 *


Message History

You are held in a net!
You tear a large gash into the net.
The bat barely misses you. The gnoll hits you with a +0 flail.
The gnoll hits you with a +0 club.
The gnoll hits you from afar with a +0 spear.
The bat closely misses you.
You shred the net and break free! The bat barely misses you.
The bat closely misses you. You block the gnoll's attack.
The gnoll hits you but does no damage.
The gnoll hits you from afar with a +0 spear.
You barely miss the gnoll.
The gnoll is severely wounded.
You hit the gnoll. You barely miss the bat. You block the bat's attack.
You block the gnoll's attack. The gnoll hits you with a +0 club!
The gnoll hits you but does no damage. The gnoll closely misses you.
The gnoll hits you but does no damage.
The gnoll hits you from afar with a +0 spear.
You hit the gnoll.
You kill the gnoll!
You barely miss the bat. You hit the gnoll but do no damage.
You block the bat's attack. You block the gnoll's attack.
The gnoll barely misses you.
You have reached level 4!
You hit the gnoll but do no damage. x2; You closely miss the bat.
The bat hits you but does no damage. The gnoll hits you with a +0 flail.
* * * LOW HITPOINT WARNING * * *
You block the gnoll's attack. The bat hits you but does no damage.
The gnoll hits you from afar with a +0 spear.
* * * LOW HITPOINT WARNING * * *
The gnoll hits you with a +0 flail! The Shining One protects you from harm!
The gnoll closely misses you.
You slash the gnoll!
You kill the gnoll!
You hit the bat.
You kill the bat!
You barely miss the gnoll.
The gnoll hits you from afar with a +0 spear.
* * * LOW HITPOINT WARNING * * *
The gnoll hits you with a +0 flail!
You die...

#.# #.# #.##.#
#.#####'###.##.#
#..............#
####...........####
#..............#
#......###+#+#.#+####
#.....รท###+#........#
####+#.......##.....## #
................@)g..# #
................)g....#
..
####.#.......##.........
.# #.#.......##.....#..8
#.#.......##.....# ..
#.#.......##.....# .
#.#.......######## #
#.#.......# . #.########
.


You could see 2 gnolls.

Vanquished Creatures
  2 gnolls (D:2)
  2 adders (D:2)
  3 dart slugs (D:1)
  3 endoplasms
  A giant cockroach (D:1)
  2 hobgoblins (D:1)
  A quokka (D:2)
  4 ball pythons (D:1)
  6 bats
  A frilled lizard (D:2)
  A goblin (D:1)
  3 kobolds (D:1)
  5 rats
34 creatures vanquished.

Notes
Turn   | Place    | Note
-------+----------+-------------------------------------------
     0 | D:1      | Pin the Hill Orc Fighter began the quest for the Orb.
     0 | D:1      | Reached XP level 1. HP: 19/19 MP: 1/1
    58 | D:1      | Reached XP level 2. HP: 27/27 MP: 2/2
   231 | D:1      | Found a faded altar of an unknown god.
   349 | D:1      | Prayed at the altar of an unknown god.
   349 | D:1      | Became a worshipper of the Shining One
   349 | D:1      | Reached * piety under the Shining One
   432 | D:1      | Reached skill level 4 in Fighting
   432 | D:1      | Reached XP level 3. HP: 33/33 MP: 3/3
   483 | D:1      | Found Rackichub's Assorted Antiques.
  1118 | D:2      | Reached XP level 4. HP: 14/40 MP: 4/4
  1118 | D:2      | The Shining One protects you from harm!
  1119 | D:2      | Mangled by a gnoll

Illustrated notes

Levels and vault maps discovered:
D:1:      minmay_arrival_cross, layout_loops_ring,
          chequers_ecumenical_altar_simple_redux, serial_shops, shop_fountains
D:2:      layout_basic, grunt_ministairs_10

Skill      XL: |  1  2 |
---------------+-------+-----
Axes           | 3 |  3.5
Fighting       | 4 |  4.1
Armour         | |  3.8
Dodging        | |  0.7
Shields        | |  3.7

Action                   |  1- 3 |  4- 6 || total
-------------------------+-------+-------++-------
Melee: War axe           |    63 |     2 ||    65
Armor: Scale mail        |    34 |     2 ||    36
Dodge: Dodged            |    42 |     1 ||    43
Block: Buckler           |    18 |     1 ||    19

Table legend: (Time is in decaauts)
 A = Elapsed time spent in this place.
 B = Non-inter-level travel time spent in this place.
 C = Inter-level travel time spent in this place.
 D = Time resting spent in this place.
 E = Time spent auto-exploring this place.
 F = Levels seen in this place.
 G = Mean time per level.
                   A        B        C        D        E       F      G
               +--------+--------+--------+--------+--------+-----+--------+
         Total |   1143 |   1124 |     19 |      0 |    915 |   2 |  571.5 |
       Dungeon |   1143 |   1124 |     19 |      0 |    915 |   2 |  571.5 |
               +--------+--------+--------+--------+--------+-----+--------+

Top non-repeatable levels by time:
     D:1: 677 daAuts
     D:2: 466 daAuts
